 Dungeon Crawl Stone Soup version 0.30.0-29-ga12c61a403 (webtiles) character file.

Game seed: 18413642412098130555

1481 RascalDebosk the Magician (level 9, -3/62 HPs)
             Began as a Djinni Conjurer on June 5, 2023.
             Slain by an orc priest
             ... wielding a +0 trident
              (5 damage)
             ... on level 6 of the Dungeon.
             The game lasted 00:37:40 (5594 turns).

RascalDebosk the Magician (Djinni Conjurer)         Turns: 5594, Time: 00:37:41

Health: -3/62      AC:  4    Str: 12    XL:     9   Next: 7%
Gold:   283        EV: 12    Int: 30    God:
                   SH:  0    Dex: 12

rFire   + + .        n - +1 lajatang
rCold   x . .        (shield currently unavailable)
rNeg    . . .        a - +0 robe
rPois   ∞            y - +0 helmet
rElec   .            (no cloak)
rCorr   .            x - +0 pair of gloves
SInv    .            (boots unavailable)
Will    .....        (no amulet)
Stlth   ++           h - +6 ring of intelligence
HPRegen 0.30/turn    d - +6 ring of strength
MPRegen 0.00/turn

%: infuse magic (-4 HP)
@: wereblooded, flying
A: sickness immunity, fire resistance 2, cold vulnerability 1, float, innate
caster, HP casting, extra vitality 1
a: no special abilities


You were on level 6 of the Dungeon.
You visited 2 branches of the dungeon, and saw 7 of its levels.

You collected 283 gold pieces.

Inventory:

Hand Weapons
 n - a +1 lajatang (weapon)
 s - a +0 dagger of venom
Armour
 a - a +0 robe (worn)
 x - a +0 pair of gloves (worn)
 y - a +0 helmet (worn)
Jewellery
 d - a +6 ring of strength (right hand)
 g - a ring of resist corrosion
 h - a +6 ring of intelligence (left hand)
Wands
 w - a wand of mindburst (25)
 A - a wand of flame (28)
Scrolls
 b - a scroll of immolation
 j - a scroll of fear
 l - 2 scrolls of enchant armour
 o - a scroll of vulnerability {unknown}
 p - 2 scrolls of amnesia {unknown}
 t - 4 scrolls of teleportation
Potions
 c - 2 potions of brilliance {unknown}
 e - 2 potions of mutation {unknown}
 f - a potion of resistance {unknown}
 k - 2 potions of heal wounds {unknown}
 m - 6 potions of might
 q - 5 potions of curing {unknown}
 r - a potion of ambrosia {unknown}
 u - a potion of degeneration {unknown}
 v - a potion of haste {unknown}
 z - a potion of cancellation {unknown}
 B - a potion of lignification {unknown}


   Skills:
 + Level 4.2 Fighting
 + Level 3.2 Staves
 - Level 2.1 Dodging
 - Level 1.5 Stealth
 * Level 6.8 Spellcasting
 - Level 4.0 Evocations


You knew the following spells:

 Your Spells              Type           Power      Damage    Failure   Level
a - Magic Dart            Conj           100%       1d8       1%          1
b - Searing Ray           Conj           100%       2d8       1%          2
c - Dazzling Flash        Conj/Hex       100%       N/A       1%          3
d - Fulminant Prism       Conj/Hex       25%        3d14      3%          4
e - Iskenderun's Mystic   Conj/Tloc      50%        2d11      3%          4
f - Foxfire               Conj/Fire      100%       2x1d9     1%          1
g - Wereblood             Tmut           50%        N/A       1%          2
h - Volatile Blastmotes   Fire/Tloc      100%       2d18      1%          3
i - Manifold Assault      Tloc           50%        N/A       3%          4
Your spell library was empty.

Dungeon Overview and Level Annotations

Branches:
Dungeon (6/15)             Temple (1/1) D:4

Altars:
Cheibriados
Dithmenos
Fedhas
Hepliaklqana
Makhleb
Nemelex Xobeh
Ru
Trog
Uskayaw
Xom
Yredelemnul
Zin

Shops:
D:4 *


Innate Abilities, Weirdness & Mutations

You are immune to sickness and miasma.
You are immune to poison.
Your flesh is very heat resistant. (rF++)
You are vulnerable to cold. (rC-)
You float through the air rather than walking.
You learn spells naturally, not from books.
Your magical power is your life essence.
You have superior vitality. (+4 MHP)


Message History

The magic dart hits the orc wizard.
The orc wizard is moderately wounded.
* * * LOW HITPOINT WARNING * * *
Casting: Magic Dart (safe; 1% risk of failure)
Confirm with . or Enter, or press ? or * to list all spells.
Aiming: Magic Dart (safe; 1% risk of failure)
Press: ? - help, Shift-Dir - straight line, f/p - orc wizard
Aim: an orc wizard, wielding a +0 dagger and wearing a +0 robe (moderately wounded, 100% to hit)
The magic dart hits the orc wizard!
The orc wizard is severely wounded.
* * * LOW HITPOINT WARNING * * *
Casting: Magic Dart (safe; 1% risk of failure)
Confirm with . or Enter, or press ? or * to list all spells.
Aiming: Magic Dart (safe; 1% risk of failure)
Press: ? - help, Shift-Dir - straight line, f/p - orc wizard
Aim: an orc wizard, wielding a +0 dagger and wearing a +0 robe (severely wounded, 100% to hit)
The magic dart hits the orc wizard.
The orc wizard is severely wounded.
* * * LOW HITPOINT WARNING * * *
Casting: Magic Dart (safe; 1% risk of failure)
Confirm with . or Enter, or press ? or * to list all spells.
Aiming: Magic Dart (safe; 1% risk of failure)
Press: ? - help, Shift-Dir - straight line, f/p - orc wizard
Aim: an orc wizard, wielding a +0 dagger and wearing a +0 robe (severely wounded, 100% to hit)
The magic dart hits the orc wizard.
You kill the orc wizard!
* * * LOW HITPOINT WARNING * * *
You start resting.
HP restored.
There is an open door here.
Things that are here:
a +0 dagger; a +0 robe; an orc corpse
There is an open door here.
Things that are here:
a +2 dagger of speed; a +0 robe; an orc corpse You see here a +0 club.
An orc priest comes into view. It is wielding a +0 trident.
The orc priest shouts!
You hear a shout!
Casting: Magic Dart (safe; 1% risk of failure)
Confirm with . or Enter, or press ? or * to list all spells.
Your blood is infused with primal strength.
Casting: Wereblood (safe; 1% risk of failure)
Confirm with . or Enter, or press ? or * to list all spells.
Space momentarily warps into an impossible shape!
You hit the orc priest.
The orc priest looks satisfied for a moment.
Casting: Manifold Assault (dangerous; 3% risk of failure)
Confirm with . or Enter, or press ? or * to list all spells.
Space momentarily warps into an impossible shape!
You closely miss the orc priest.
The orc priest mumbles some strange prayers to Beogh against you.
You resist with significant effort.
An orc comes into view. It is wielding a +0 hand axe.
Casting: Manifold Assault (dangerous; 3% risk of failure)
Confirm with . or Enter, or press ? or * to list all spells.
Space momentarily warps into an impossible shape!
You closely miss the orc.
The orc shouts!
You barely miss the orc priest.
The orc priest looks satisfied for a moment.
An orc priest comes into view. It is wielding a +0 mace.
The orc priest mumbles some strange prayers to Beogh against you.
Beogh smites you!
The orc priest shouts!
An orc wizard comes into view. It is wielding a +0 dagger.
Casting: Manifold Assault (dangerous; 3% risk of failure)
Confirm with . or Enter, or press ? or * to list all spells.
Space momentarily warps into an impossible shape!
The orc wizard shouts!
You slash the orc!
You kill the orc!
You closely miss the orc wizard. You hit the orc priest.
The orc priest mumbles some strange prayers to Beogh against you.
Pain shoots through your body!
* * * LOW HITPOINT WARNING * * *
Casting: Manifold Assault (dangerous; 3% risk of failure)
Confirm with . or Enter, or press ? or * to list all spells.
Space momentarily warps into an impossible shape!
You slash the orc wizard! You slash the orc priest! You hit the orc priest.
* * * LOW HITPOINT WARNING * * *
Casting: Manifold Assault (dangerous; 3% risk of failure)
Confirm with . or Enter, or press ? or * to list all spells.
Space momentarily warps into an impossible shape!
You hit the orc wizard but do no damage.
You slash the orc priest!
You kill the orc priest!
You closely miss the orc priest.
* * * LOW HITPOINT WARNING * * *
The orc priest calls down the wrath of Beogh upon you.
Pain shoots through your body!
* * * LOW HITPOINT WARNING * * *
Casting: Manifold Assault (dangerous; 3% risk of failure)
Confirm with . or Enter, or press ? or * to list all spells.
Space momentarily warps into an impossible shape!
You closely miss the orc wizard. You closely miss the orc priest.
* * * LOW HITPOINT WARNING * * *
The orc priest hits you from afar with a +0 trident.
* * * LOW HITPOINT WARNING * * *
The orc priest hits you from afar with a +0 trident.
You die...

### #.# ..###### # #.# #......
.# #.# #.... .# ###)######
##..# ..# #.)......# ##..#
###..## #.#)####.# ....#
#.....# #.#)## #.# ###.#
#.#...######....###.#####.# #
#.###.#...o.o.@........).).....
#
#......).#######....###.#####.#
###........# #.#.## #.#
....###.#### #..... ..#
###.###.### ###.###### #
#.#.....# #'# # #.#.###.# ... #
#.#.# #.## .... # #.#.###..##


You could see an orc priest and an orc wizard.

Vanquished Creatures
  A sky beast (D:4)
  3 black bears
  A centaur (D:6)
  2 ogres (D:5)
  2 phantoms (D:5)
  3 scorpions
  3 hounds
  3 jellies
  2 orc priests (D:6)
  2 iguanas (D:5)
  Terence (D:2)
  3 orc wizards
  8 adders
  2 ufetubi
  2 dart slugs
  18 orcs
  7 bats
  6 endoplasms
  A giant cockroach (D:1)
  4 goblins
  5 hobgoblins
  2 quokkas
  5 ball pythons (D:1)
  5 frilled lizards
  7 kobolds
  3 rats
101 creatures vanquished.

Vanquished Creatures (others)
  26 foxfires
  9 fulminant prisms
35 creatures vanquished.

Grand Total: 136 creatures vanquished

Notes
Turn   | Place    | Note
-------+----------+-------------------------------------------
     0 | D:1      | RascalDebosk the Djinni Conjurer began the quest for the
                  | Orb.
     0 | D:1      | RascalDebosk set off with the following spells memorised:
                  | Magic Dart, Searing Ray, Dazzling Flash, Fulminant Prism,
                  | Iskenderun's Mystic Blast.
     0 | D:1      | Reached XP level 1. HP: 15/15 MP: 0/0
    63 | D:1      | Reached XP level 2. HP: 18/21 MP: 0/0
   283 | D:1      | Reached XP level 3. HP: 24/25 MP: 0/0
   283 | D:1      | Learned a level 1 spell: Foxfire
   502 | D:1      | Reached skill level 4 in Spellcasting
   903 | D:2      | Reached XP level 4. HP: 26/31 MP: 0/0
  1208 | D:2      | Noticed Terence
  1213 | D:2      | Killed Terence
  1481 | D:3      | Reached XP level 5. HP: 11/35 MP: 0/0
  1481 | D:3      | Learned a level 2 spell: Wereblood
  1950 | D:3      | Found a glowing silver altar of Zin.
  2205 | D:4      | Reached skill level 1 in Evocations
  2319 | D:4      | Found a staircase to the Ecumenical Temple.
  2328 | Temple   | Entered the Ecumenical Temple
  2328 | Temple   | Found a transporter.
  2328 | Temple   | Found a transporter.
  2330 | Temple   | Found a transporter.
  2330 | Temple   | Found a transporter.
  2536 | D:4      | Reached skill level 1 in Fighting
  2563 | D:4      | Found Relili's Assorted Antiques.
  2586 | D:4      | Noticed a sky beast
  2596 | D:4      | Killed a sky beast
  2597 | D:4      | Reached skill level 5 in Spellcasting
  2597 | D:4      | Reached XP level 6. HP: 20/43 MP: 0/0
  3295 | D:5      | Entered Level 5 of the Dungeon
  3325 | D:5      | Noticed an ogre
  3333 | D:5      | Killed an ogre
  3334 | D:5      | Reached skill level 1 in Staves
  3334 | D:5      | Reached XP level 7. HP: 31/49 MP: 0/0
  3334 | D:5      | Learned a level 3 spell: Volatile Blastmotes
  3515 | D:5      | Reached XP level 8. HP: 31/55 MP: 0/0
  3564 | D:5      | Reached skill level 6 in Spellcasting
  4938 | D:6      | Found a sparkling altar of Nemelex Xobeh.
  5196 | D:6      | Reached XP level 9. HP: 24/62 MP: 0/0
  5196 | D:6      | Learned a level 4 spell: Manifold Assault
  5211 | D:6      | Noticed a troll
  5594 | D:6      | HP: 2/62 [orc priest/+0 trident (5)]
  5594 | D:6      | Slain by an orc priest

Illustrated notes

Levels and vault maps discovered:
D:1:      wander_arrival_estate, layout_loops_ring, serial_bayou_pond_a
D:2:      layout_basic, chequers_serial_rivers_small_3, uniq_terence
D:3:      layout_rooms, lemuel_doored_altar, serial_park_tiny_2,
          chequers_serial_rivers_small_b, chequers_serial_rivers_small_a,
          chequers_serial_rivers_small_b
D:4:      layout_basic, minmay_temple_entry_gardened_gates, serial_shops, shop,
          grunt_decor_resistance
D:5:      layout_basic, mainiacjoe_overflow_concentric_impassable, st_stairs_8,
          hangedman_decor_clover_reticule
D:6:      layout_loops_corners, gammafunk_temple_overflow_elements,
          nemelex_xobeh_ov_fountains_minmay, minmay_misc_feat_diagonals
Temple:   hellmonk_temple_divided_pantheon

Skill      XL: |  1  2  3  4  5  6  7  8 |
---------------+-------------------------+-----
Spellcasting   | 4 5 6 |  6.8
Evocations     | 1 2 3 4 |  4.0
Fighting       | 1 2 4 |  4.2
Staves         | 1 3 |  3.2
Dodging        | |  2.1
Stealth        | |  1.5

Action                     |  1- 3 |  4- 6 |  7- 9 || total
---------------------------+-------+-------+-------++-------
  Melee: Dagger            |    14 |     8 |       ||    22
         Lajatang          |       |    59 |    54 ||   113
   Cast: Magic Dart        |    43 |    31 |    28 ||   102
         Foxfire           |     3 |     5 |     7 ||    15
         Fulminant Prism   |       |     4 |     5 ||     9
         Iskenderun's Myst |       |     6 |     6 ||    12
         Searing Ray       |       |     2 |     5 ||     7
         Wereblood         |       |     1 |    13 ||    14
         Manifold Assault  |       |       |    10 ||    10
  Evoke: Wand              |       |       |     1 ||     1
    Use: Scroll            |       |     6 |     1 ||     7
   Stab: Sleeping          |     2 |     1 |       ||     3
 Armour: Robe              |     3 |    10 |    10 ||    23
  Dodge: Dodged            |     5 |    48 |    32 ||    85
